TOP OF THE 1ST |
Columbia River Rats batting - Pitching for Connetquot Chiefs : RHP Armando Ortíz
|
Pitching: RHP Armando Ortíz
|
|
Batting: RHB Marcos Calderón
|
0-0: Ground out 5-3 (Groundball, 56)
|
Batting: LHB António Ramos
|
0-0: Ball 1-0: Fly out, F7 (Flyball, 7M)
|
Batting: RHB Jan Gosselin
|
0-0: Ball 1-0: Called Strike 1-1: Foul Ball, location: 2F 1-2: Foul Ball, location: 2F 1-2: DOUBLE (Line Drive, 8LM)
|
Batting: RHB Héctor Rodríguez
|
0-0: Called Strike 0-1: Called Strike 0-2: Fly out, F7 (Flyball, 78M)
|
Top of the 1st over - 0 run(s), 1 hit(s), 0 error(s), 1 left on base; Columbia 0 - Connetquot 0 |
BOTTOM OF THE 1ST |
Connetquot Chiefs batting - Pitching for Columbia River Rats : RHP Brandon McAllister
|
Pitching: RHP Brandon McAllister
|
|
Batting: RHB Juan Salinas
|
0-0: Called Strike 0-1: Ball 1-1: Called Strike 1-2: Ball 2-2: Ball 3-2: Foul Ball, location: 2F 3-2: Base on Balls
|
Batting: RHB Enrique Morales
|
0-0: Ball 1-0: Called Strike 1-1: Fly out, F1 (Popup, 23)
|
Batting: RHB Arturo Morales
|
0-0: Ball Juan Salinas is caught stealing 2nd base 1-0: Called Strike 1-1: Ball 2-1: Foul Ball, location: 2F 2-2: Foul Ball, location: 2F 2-2: Strikes out swinging
|
Bottom of the 1st over - 0 run(s), 0 hit(s), 0 error(s), 0 left on base; Columbia 0 - Connetquot 0 |
TOP OF THE 2ND |
Columbia River Rats batting - Pitching for Connetquot Chiefs : RHP Armando Ortíz
|
Batting: LHB Luis Vicenteno
|
0-0: Ball 1-0: Foul Ball, location: 2F 1-1: Foul Ball, location: 2F 1-2: Foul Ball, location: 2F 1-2: Strikes out swinging
|
Batting: RHB Miguel Montoya
|
0-0: SINGLE (Line Drive, 8LS)
|
Batting: RHB Bryce Bancroft
|
0-0: Ball 1-0: Foul Ball, location: 2F 1-1: Ball 2-1: Fly out, F5 (Popup, 5SF)
|
Batting: RHB Héctor Gallegos
|
0-0: Ball Throwing error on steal attempt, E2 Miguel Montoya to third 1-0: Ball 2-0: Foul Ball, location: 2F 2-1: Called Strike 2-2: Ball 3-2: Strikes out swinging
|
Top of the 2nd over - 0 run(s), 1 hit(s), 1 error(s), 1 left on base; Columbia 0 - Connetquot 0 |
BOTTOM OF THE 2ND |
Connetquot Chiefs batting - Pitching for Columbia River Rats : RHP Brandon McAllister
|
Batting: RHB Miguel Rodríguez
|
0-0: Ball 1-0: Ball 2-0: Foul Ball, location: 2F 2-1: Ball 3-1: Called Strike 3-2: Base on Balls
|
Batting: RHB Menno van de Vlugt
|
0-0: Fly out, F9 (Line Drive, 89S)
|
Batting: RHB José Magana
|
0-0: Foul Ball, location: 2F 0-1: Foul Ball, location: 2F 0-2: Ball 1-2: SINGLE (Groundball, 34D) (infield hit) Miguel Rodríguez to second
|
Batting: RHB Mario Rivera
|
0-0: Ball 1-0: Foul Ball, location: 2F 1-1: Fly out, F9 (Popup, 3D)
|
Batting: RHB Emanuel Bree
|
0-0: Ball 1-0: Ball 2-0: Ball 3-0: Base on Balls Miguel Rodríguez to third José Magana to second
|
Batting: RHB Fred Burt
|
0-0: Ball 1-0: Ball 2-0: Called Strike 2-1: Fielders Choice at 2nd, 6-4 (Groundball, 56)
|
Bottom of the 2nd over - 0 run(s), 1 hit(s), 0 error(s), 2 left on base; Columbia 0 - Connetquot 0 |
TOP OF THE 3RD |
Columbia River Rats batting - Pitching for Connetquot Chiefs : RHP Armando Ortíz
|
Batting: LHB Juan Montés
|
0-0: Ball 1-0: Fly out, F5 (Line Drive, 56S)
|
Batting: RHB Marcos Calderón
|
0-0: Called Strike 0-1: Swinging Strike 0-2: Foul Ball, location: 2F 0-2: Strikes out swinging
|
Batting: LHB António Ramos
|
0-0: Foul Ball, location: 2F 0-1: Ball 1-1: Foul Ball, location: 2F 1-2: Ball 2-2: Fly out, F8 (Flyball, 8RM)
|
Top of the 3rd over - 0 run(s), 0 hit(s), 0 error(s), 0 left on base; Columbia 0 - Connetquot 0 |
BOTTOM OF THE 3RD |
Connetquot Chiefs batting - Pitching for Columbia River Rats : RHP Brandon McAllister
|
Batting: RHB Juan Salinas
|
0-0: Ball 1-0: Foul Ball, location: 2F 1-1: Foul Ball, location: 2F 1-2: Ball 2-2: Ball 3-2: Base on Balls
|
Batting: RHB Enrique Morales
|
0-0: Called Strike Juan Salinas is caught stealing 2nd base 0-1: Foul Ball, location: 2F 0-2: Ball 1-2: Fly out, F4 (Popup, 4)
|
Batting: RHB Arturo Morales
|
0-0: Fly out, F8 (Flyball, 89D)
|
Bottom of the 3rd over - 0 run(s), 0 hit(s), 0 error(s), 0 left on base; Columbia 0 - Connetquot 0 |
TOP OF THE 4TH |
Columbia River Rats batting - Pitching for Connetquot Chiefs : RHP Armando Ortíz
|
Batting: RHB Jan Gosselin
|
0-0: Called Strike 0-1: Ball 1-1: Ball 2-1: Ball 3-1: Swinging Strike 3-2: Strikes out swinging
|
Batting: RHB Héctor Rodríguez
|
0-0: Called Strike 0-1: Called Strike 0-2: Ball 1-2: Strikes out swinging
|
Batting: LHB Luis Vicenteno
|
0-0: Foul Ball, location: 2F 0-1: Called Strike 0-2: Strikes out swinging
|
Top of the 4th over - 0 run(s), 0 hit(s), 0 error(s), 0 left on base; Columbia 0 - Connetquot 0 |
BOTTOM OF THE 4TH |
Connetquot Chiefs batting - Pitching for Columbia River Rats : RHP Brandon McAllister
|
Batting: RHB Miguel Rodríguez
|
0-0: Ball 1-0: Ground out 4-3 (Groundball, 13)
|
Batting: RHB Menno van de Vlugt
|
0-0: DOUBLE (Line Drive, 89M)
|
Batting: RHB José Magana
|
0-0: Ground out 5-3 (Groundball, 5)
|
Batting: RHB Mario Rivera
|
0-0: Swinging Strike 0-1: Called Strike 0-2: Ball 1-2: Strikes out swinging
|
Bottom of the 4th over - 0 run(s), 1 hit(s), 0 error(s), 1 left on base; Columbia 0 - Connetquot 0 |
TOP OF THE 5TH |
Columbia River Rats batting - Pitching for Connetquot Chiefs : RHP Armando Ortíz
|
Batting: RHB Miguel Montoya
|
0-0: Bunted foul 0-1: Fly out, F9 (Popup, 89S)
|
Batting: RHB Bryce Bancroft
|
0-0: Called Strike 0-1: Ball 1-1: Foul Ball, location: 2F 1-2: Ground out U3 (Groundball, 3)
|
Batting: RHB Héctor Gallegos
|
0-0: Swinging Strike 0-1: Ball 1-1: Swinging Strike 1-2: Strikes out swinging
|
Top of the 5th over - 0 run(s), 0 hit(s), 0 error(s), 0 left on base; Columbia 0 - Connetquot 0 |
BOTTOM OF THE 5TH |
Connetquot Chiefs batting - Pitching for Columbia River Rats : RHP Brandon McAllister
|
Batting: RHB Emanuel Bree
|
0-0: Ground out U3 (Groundball, 3S)
|
Batting: RHB Fred Burt
|
0-0: Swinging Strike 0-1: DOUBLE (Line Drive, 5D)
|
Batting: RHB Juan Salinas
|
0-0: Ball 1-0: Ball 2-0: Swinging Strike 2-1: Ball 3-1: Base on Balls
|
Batting: RHB Enrique Morales
|
0-0: Called Strike 0-1: Ground out 5-3 (Groundball, 56) Fred Burt to third Juan Salinas to second
|
Batting: RHB Arturo Morales
|
0-0: Ground out 5-3 (Groundball, 56S)
|
Bottom of the 5th over - 0 run(s), 1 hit(s), 0 error(s), 2 left on base; Columbia 0 - Connetquot 0 |
TOP OF THE 6TH |
Columbia River Rats batting - Pitching for Connetquot Chiefs : RHP Armando Ortíz
|
Batting: LHB Juan Montés
|
0-0: Foul Ball, location: 2F 0-1: Foul Ball, location: 2F 0-2: Fly out, F8 (Flyball, 8RD)
|
Batting: RHB Marcos Calderón
|
0-0: Ball 1-0: Called Strike 1-1: Swinging Strike 1-2: Strikes out swinging
|
Batting: LHB António Ramos
|
0-0: Called Strike 0-1: Swinging Strike 0-2: Hit by Pitch
|
Batting: RHB Jan Gosselin
|
0-0: Swinging Strike 0-1: Fly out, F9 (Flyball, 9M)
|
Top of the 6th over - 0 run(s), 0 hit(s), 0 error(s), 1 left on base; Columbia 0 - Connetquot 0 |
BOTTOM OF THE 6TH |
Connetquot Chiefs batting - Pitching for Columbia River Rats : RHP Brandon McAllister
|
Batting: RHB Miguel Rodríguez
|
0-0: Ball 1-0: Ball 2-0: Ball 3-0: Called Strike 3-1: Ground out 5-3 (Groundball, 56S)
|
Batting: RHB Menno van de Vlugt
|
0-0: Called Strike 0-1: Swinging Strike 0-2: Ball 1-2: Ball 2-2: Foul Ball, location: 2F 2-2: Foul Ball, location: 2F 2-2: Strikes out swinging
|
Batting: RHB José Magana
|
0-0: Called Strike 0-1: Ball 1-1: Ball 2-1: Called Strike 2-2: Ball 3-2: Strikes out looking
|
Bottom of the 6th over - 0 run(s), 0 hit(s), 0 error(s), 0 left on base; Columbia 0 - Connetquot 0 |
TOP OF THE 7TH |
Columbia River Rats batting - Pitching for Connetquot Chiefs : RHP Armando Ortíz
|
Batting: RHB Héctor Rodríguez
|
0-0: Ball 1-0: Reached on error, E5 (Groundball, 5)
|
Pinch Hitting: RHB Raúl Ortíz
|
0-0: Called Strike 0-1: Ball 1-1: Ball 2-1: Called Strike 2-2: Fielders Choice at 2nd, 1-6 (Groundball, 23)
|
Pinch Hitting: RHB Edén Mont
|
0-0: Ball 1-0: Fly out, F8 (Flyball, 89S)
|
Pinch Hitting: LHB Jim Unknown
|
0-0: Fielders Choice at 2nd, 6-4 (Groundball, 6MS)
|
Top of the 7th over - 0 run(s), 0 hit(s), 1 error(s), 0 left on base; Columbia 0 - Connetquot 0 |
BOTTOM OF THE 7TH |
Connetquot Chiefs batting - Pitching for Columbia River Rats : RHP Brandon McAllister
|
Now at 3B: Raúl Ortíz
|
|
Now in LF: Ron Spence
|
|
Now in CF: Edén Mont
|
|
Pinch Hitting: SHB Britt Ducker
|
0-0: Called Strike 0-1: Hit by Pitch
|
Batting: RHB Emanuel Bree
|
0-0: Ball Britt Ducker steals 2nd base 1-0: Ball 2-0: Ball 3-0: Called Strike 3-1: Base on Balls
|
Batting: RHB Fred Burt
|
0-0: Ball 1-0: Sac Bunt - play at first, batter OUT! 5-3 Britt Ducker to third Emanuel Bree to second
|
Pinch Hitting: RHB Jim Unknown
|
0-0: Intentional Walk
|
Batting: RHB Enrique Morales
|
0-0: Foul Ball, location: 2F 0-1: Ground out 4-3 (Groundball, 4M) Britt Ducker scores Emanuel Bree to third Jim Unknown to second
|
Batting: RHB Arturo Morales
|
0-0: Swinging Strike 0-1: Foul Ball, location: 2F 0-2: Foul Ball, location: 2F 0-2: DOUBLE (Flyball, 78XD) Emanuel Bree scores Jim Unknown scores
|
Batting: RHB Miguel Rodríguez
|
0-0: Ground out 4-3 (Groundball, 4M)
|
Bottom of the 7th over - 3 run(s), 1 hit(s), 0 error(s), 1 left on base; Columbia 0 - Connetquot 3 |
TOP OF THE 8TH |
Columbia River Rats batting - Pitching for Connetquot Chiefs : RHP Armando Ortíz
|
Now at SS: Félix Fernández
|
|
Now in LF: Britt Ducker
|
|
Batting: RHB Héctor Gallegos
|
0-0: Ball 1-0: Foul Ball, location: 2F 1-1: Ground out 5-3 (Groundball, 5D)
|
Batting: LHB Juan Montés
|
0-0: Swinging Strike 0-1: Ball 1-1: Foul Ball, location: 2F 1-2: Strikes out swinging
|
Batting: RHB Marcos Calderón
|
0-0: Ball 1-0: Called Strike 1-1: Ball 2-1: Foul Ball, location: 2F 2-2: Ball 3-2: Base on Balls
|
Batting: LHB António Ramos
|
0-0: Ball 1-0: Ball 2-0: Ground out 3-1 (Groundball, 3)
|
Top of the 8th over - 0 run(s), 0 hit(s), 0 error(s), 1 left on base; Columbia 0 - Connetquot 3 |
BOTTOM OF THE 8TH |
Connetquot Chiefs batting - Pitching for Columbia River Rats : RHP Brandon McAllister
|
Batting: RHB Menno van de Vlugt
|
0-0: Ball 1-0: Foul Ball, location: 2F 1-1: Called Strike 1-2: Ball 2-2: Foul Ball, location: 2F 2-2: SINGLE (Line Drive, 9S)
|
Batting: RHB José Magana
|
0-0: Foul Ball, location: 2F 0-1: Bunt missed! 0-2: Grounds into double play, 4-6-3 (Groundball, 4)
|
Batting: SHB Britt Ducker
|
0-0: Swinging Strike 0-1: Ball 1-1: Ball 2-1: Foul Ball, location: 2F 2-2: Strikes out swinging
|
Bottom of the 8th over - 0 run(s), 1 hit(s), 0 error(s), 0 left on base; Columbia 0 - Connetquot 3 |
TOP OF THE 9TH |
Columbia River Rats batting - Pitching for Connetquot Chiefs : RHP Armando Ortíz
|
Batting: RHB Jan Gosselin
|
0-0: Ball 1-0: Ball 2-0: Foul Ball, location: 2F 2-1: Ball 3-1: Swinging Strike 3-2: Base on Balls
|
Pitching: RHP Tommy Middleton
|
|
Batting: RHB Héctor Rodríguez
|
0-0: Ball 1-0: Ball 2-0: Foul Ball, location: 2F 2-1: Fly out, F9 (Line Drive, 9M)
|
Batting: RHB Raúl Ortíz
|
0-0: Ball 1-0: Ball 2-0: Ball 3-0: Base on Balls Jan Gosselin to second
|
Batting: RHB Edén Mont
|
0-0: Foul Ball, location: 2F 0-1: Ball 1-1: Fly out, F9 (Flyball, 9M)
|
Pinch Hitting: RHB Víctor López
|
0-0: Fly out, F9 (Popup, 34D)
|
Top of the 9th over - 0 run(s), 0 hit(s), 0 error(s), 2 left on base; Columbia 0 - Connetquot 3 |
|